 Dungeon Crawl Stone Soup version 0.27.1-2-g3b301248ec (webtiles) character file.

Game seed: 12608753153942901748

23 TheGamechu the Gusty (level 2, 0/20 HPs)
             Began as a Draconian Air Elementalist on Sept 24, 2021.
             Slain by an adder (1 damage)
             ... on level 1 of the Dungeon.
             The game lasted 00:06:32 (1362 turns).

TheGamechu the Gusty (Draconian Air Elementalist)   Turns: 1362, Time: 00:06:33

Health: 0/20       AC:  5    Str: 10    XL:     2   Next: 72%
Magic:  2/5        EV: 12    Int: 15    God:
Gold:   41         SH:  0    Dex: 11    Spells: 2/5 levels left

rFire    . . .     SeeInvis .   c - +0 dagger
rCold    . . .     Faith    .   (no shield)
rNeg     . . .     Spirit   .   (armour unavailable)
rPois    .         Reflect  .   (helmet restricted)
rElec    .         Harm     .   (no cloak)
rCorr    .         Rampage  .   a - +0 pair of gloves
Will     .....                  (no boots)
Stlth    ++........             (no amulet)
HPRegen  0.06/turn              (no ring)
MPRegen  0.09/turn              (no ring)

@: flying
A: AC +4, unfitting armour, cold-blooded
a: no special abilities


You were on level 1 of the Dungeon.
You visited 1 branch of the dungeon, and saw 2 of its levels.

You collected 41 gold pieces.

Inventory:

Hand Weapons
 c - a +0 dagger (weapon)
Armour
 a - a +0 pair of gloves (worn)
Scrolls
 b - a scroll of identify {unknown}


   Skills:
 + Level 2.1 Dodging
 - Level 1.7 Stealth
 + Level 2.3 Spellcasting
 - Level 1.0 Conjurations
 * Level 3.5 Air Magic


You had 2 spell levels left.
You knew the following spells:

 Your Spells              Type           Power      Damage    Failure   Level
a - Shock                 Conj/Air       32%        1d5       9%          1
b - Static Discharge      Conj/Air       8%         N/A       13%         2

Your spell library contained the following spells:

 Spells                   Type           Power      Damage    Failure   Level
 Magic Dart               Conj           16%        1d3       14%         1
 Searing Ray              Conj           8%         3d3       22%         2
 Blink                    Tloc           N/A        N/A       32%         2
 Swiftness                Air            12%        N/A       16%         3
 Airstrike                Air            6%         N/A       45%         4
 Stone Arrow              Conj/Erth      6%         3d7       47%         3
 Fulminant Prism          Conj/Hex       1%         3d6       87%         4
 Bolt of Magma            Conj/Fire/Erth 1%         4d4       99%         5
 Manifold Assault         Tloc           1%         N/A       99%         5
 Storm Form               Tmut/Air       3%         N/A       100%        7
 Shatter                  Erth           0%         3d5*      100%        9


Dungeon Overview and Level Annotations

Branches:
Dungeon (2/15)

Altars:

Shops:
D:1 !?*


Innate Abilities, Weirdness & Mutations

Your plain brown scales are hard. (AC +4)
You cannot fit into any form of body armour.
You are cold-blooded and may be slowed by cold attacks.


Message History

The adder is heavily wounded.
You feel sick. The adder closely misses you.
You barely miss the adder.
Your tail-slap misses the adder.
The adder is heavily wounded.
You feel sick. The adder barely misses you.
The adder bites you but does no damage.
You feel sick.
A jackal comes into view.
Found a scroll labelled IRACORGHEIMM.
You feel sick.
You feel sick.
You are no longer poisoned.
You see here 11 poisoned darts.
The adder bites you.
Your magical contamination has completely faded away.
The adder bites you.
You see here 13 stones.
There is a stone staircase leading up here.
The adder bites you. The adder barely misses you.
You climb upwards.
There is a stone staircase leading down here.
Okay, then.
It was a potion of flight.
You feel very buoyant.
You fly up into the air.
The adder bites you.
* * * LOW HITPOINT WARNING * * *
You are poisoned.
The adder poisons you!
* * * LOW HITPOINT WARNING * * *
You feel sick. The adder barely misses you.
* * * LOW HITPOINT WARNING * * *
You feel sick.
* * * LOW HITPOINT WARNING * * *
You feel sick.
* * * LOW HITPOINT WARNING * * *
You feel sick. The adder bites you but does no damage.
* * * LOW HITPOINT WARNING * * *
You feel sick.
You are no longer poisoned.
The adder bites you.
You die...

#..# #.# #.###########..##.# #..#
#.###.###########..##.# #..#
#.##............†..##.#
#####..###.....................#
...............###.#.#####.######
........#####..###.#............#
##.###### #......#######.####.#
##.# ######.##..## #.# #.# ##.#
#......S@...# #.# #.# ##.#
#.####.##...######.# #.#
##.######.####.............# #.#
##.##........#.##...######## #.#
##......(..>..#.#...##..†.# #.#
......##............#..#.∩#####..
######.#######.##.#.#.###........
##.###♣_♣#####.#.#..#..#####.#
#.##..[...P###.#.##...## #.#


You could see an adder.

Vanquished Creatures
  A dart slug (D:1)
  An endoplasm (D:2)
  2 giant cockroaches (D:1)
  3 goblins (D:1)
  3 hobgoblins (D:1)
  3 quokkas
  A bat (D:1)
  3 kobolds (D:1)
  A rat (D:1)
18 creatures vanquished.

Vanquished Creatures (others)
  A fungus (D:1)
1 creature vanquished.

Grand Total: 19 creatures vanquished

Notes
Turn   | Place    | Note
-------+----------+-------------------------------------------
     0 | D:1      | TheGamechu the Draconian Air Elementalist began the quest
                  | for the Orb.
     0 | D:1      | Reached XP level 1. HP: 14/14 MP: 3/3
   579 | D:1      | Reached XP level 2. HP: 20/20 MP: 1/5
   656 | D:1      | Found Luluceo's Assorted Antiques.
   703 | D:1      | Learned a level 2 spell: Static Discharge
   751 | D:1      | Found Haimov's Magic Scroll Shop.
   820 | D:1      | Found a faded altar of an unknown god.
  1031 | D:1      | Found Teagu's Distillery.
  1359 | D:1      | HP: 1/20 [poisoned by an adder]
  1362 | D:1      | Slain by an adder

Illustrated notes

Levels and vault maps discovered:
D:1:      lightli_arrival_isolated_outpost, layout_loops_ring,
          dreamdust_ecumenical_altar_hidden_monk_grotto, serial_shops, shop,
          shop, shop_statue
D:2:      layout_rooms, basic_altar

Skill      XL: |  1 |
---------------+----+-----
Dodging        | 2 |  2.1
Stealth        | |  1.7
Spellcasting   | |  2.3
Conjurations   | |  1.0
Air Magic      | |  3.5

Action                   || total
-------------------------++-------
Melee: Unarmed           ||    17
       Dagger            ||    13
       Tailslap          ||     2
 Cast: Shock             ||    33
       Static Discharge  ||     7
  Use: Scroll            ||     5
       Potion            ||     1
Armor: Skin              ||    11
Dodge: Dodged            ||    25
